 Dungeon Crawl Stone Soup version 0.27-a0-1060-gcb85b5eba1 (webtiles) character file.

Game seed: 1913027388863027620

112 Ijustatesigmund the Skirmisher (level 4, -1/37 HPs)
             Began as a Demonspawn Fighter on Apr 21, 2021.
             Slain by a bullfrog (4 damage)
             ... on level 2 of the Dungeon.
             The game lasted 00:02:51 (1589 turns).

Ijustatesigmund the Skirmisher (Demonspawn Fighter) Turns: 1589, Time: 00:02:52

Health: -1/37      AC:  9    Str: 16    XL:     4   Next: 63%
Magic:  4/4        EV:  7    Int: 11    God:
Gold:   57         SH:  8    Dex: 14    Spells: 3/3 levels left

rFire    . . .     SeeInvis .   a - +0 war axe
rCold    . . .     Faith    .   c - +0 kite shield
rNeg     . . .     Spirit   .   b - +0 scale mail
rPois    .         Reflect  .   j - +1 hat
rElec    .         Harm     .   (no cloak)
rCorr    .         Rampage  .   (no gloves)
Will     .....                  (no boots)
Stlth    ..........             (no amulet)
HPRegen  0.12/turn              (no ring)
MPRegen  0.09/turn              (no ring)

@: mighty, unable to read
A: icy blue scales 1, ignite blood 1, clever 1, inability to read while
threatened
a: no special abilities


You were on level 2 of the Dungeon.
You visited 1 branch of the dungeon, and saw 2 of its levels.

You collected 57 gold pieces.

Inventory:

Hand Weapons
 a - a +0 war axe (weapon)
Armour
 b - a +0 scale mail (worn)
 c - a +0 kite shield (worn)
 j - a +1 hat (worn)
Scrolls
 e - a scroll of identify {unknown}
 h - a scroll of enchant armour {unknown}
Potions
 g - a potion of haste {unknown}
 i - a potion of attraction {unknown}


   Skills:
 + Level 3.7 Fighting
 * Level 3.3 Axes
 - Level 2.6 Armour
 + Level 1.7 Dodging
 - Level 2.6 Shields


You had 3 spell levels left.
You didn't know any spells.
Your spell library contained the following spells:

 Spells                   Type           Power      Damage    Failure   Level
 Confusing Touch          Hex            0%         N/A       100%        3
 Gell's Gravitas          Tloc           0%         N/A       100%        3
 Petrify                  Tmut/Erth      0%         N/A       100%        4
 Metabolic Englaciation   Hex/Ice        0%         N/A       100%        5
 Yara's Violent Unravell  Hex/Tmut       0%         3d3       100%        5


Dungeon Overview and Level Annotations

Branches:
Dungeon (2/15)

Altars:


Innate Abilities, Weirdness & Mutations

You are partially covered in icy blue scales. (AC +2)
Your demonic aura sometimes causes spilled blood to erupt in flames Your mind is acute. (Int +2)
You sometimes lose the ability to read scrolls when taking damage.


Message History

The bullfrog hits you but does no damage.
You block the goblin's attack. You block the goblin's attack.
You feel very mighty all of a sudden. The scorpion stings you.
You feel threatened and lose the ability to read scrolls!
You are poisoned.
The scorpion poisons you!
You slash the scorpion!
The scorpion is heavily wounded.
You feel very sick.
The scorpion stings you but does no damage.
You block the scorpion's attack.
You slash the scorpion!
You kill the scorpion!
You feel sick.
Your Axes skill increases to level 3!
You have reached level 4!
You feel agile.
You closely miss the goblin.
You can read scrolls again.
You feel sick. You block the goblin's attack.
The goblin hits you but does no damage.
You slice the goblin!!
You kill the goblin!
You feel sick.
You are no longer poisoned.
You block the bullfrog's attack. x2
You slash the bullfrog!
The bullfrog is severely wounded.
The bullfrog hits you.
You feel threatened and lose the ability to read scrolls!
* * * LOW HITPOINT WARNING * * *
You block the bullfrog's attack.
You closely miss the bullfrog.
The bullfrog is severely wounded.
The bullfrog hits you.
* * * LOW HITPOINT WARNING * * *
The bullfrog hits you.
You die...

#.............#
#.............#
#.............#
#.............#
##............###########
#.######...............#
# #.#############.# #F#
#.# #@# #.# #.# #.# #.#
#.# ..# #.## ### #...
####


You could see a bullfrog.

Vanquished Creatures
  A scorpion (D:2)
  2 adders (D:2)
  2 dart slugs (D:1)
  4 bats
  4 endoplasms
  2 goblins
  2 hobgoblins (D:1)
  4 jackals (D:2)
  2 quokkas
  2 ball pythons
  2 frilled lizards (D:1)
  2 kobolds
  A rat (D:1)
30 creatures vanquished.

Notes
Turn   | Place    | Note
-------+----------+-------------------------------------------
     0 | D:1      | Ijustatesigmund the Demonspawn Fighter began the quest for
                  | the Orb.
     0 | D:1      | Reached XP level 1. HP: 18/18 MP: 1/1
   194 | D:1      | Gained mutation: You are partially covered in icy blue
                  | scales. (AC +2) [demonic ancestry]
   194 | D:1      | Reached XP level 2. HP: 24/24 MP: 2/2
   794 | D:2      | Reached skill level 1 in Dodging
   794 | D:2      | Gained mutation: Your demonic aura sometimes causes spilled
                  | blood to erupt in flames [demonic ancestry]
   794 | D:2      | Reached XP level 3. HP: 19/29 MP: 3/3
  1162 | D:2      | Gained mutation: You sometimes lose the ability to read
                  | scrolls when taking damage. [potion of mutation]
  1162 | D:2      | Gained mutation: Your mind is acute. (Int +2) [potion of
                  | mutation]
  1572 | D:2      | Noticed a scorpion
  1572 | D:2      | Noticed a bullfrog
  1585 | D:2      | Killed a scorpion
  1586 | D:2      | Reached XP level 4. HP: 12/37 MP: 4/4
  1589 | D:2      | Slain by a bullfrog

Illustrated notes

Levels and vault maps discovered:
D:1:      heliophobic_arrival_glass_houses, layout_loops_ring, serial_glass,
          glass_columns_a, glass_columns_c
D:2:      layout_basic, serial_shops, shop_statue, st_stairs_13

Skill      XL: |  1  2  3 |
---------------+----------+-----
Axes           | 2 3 |  3.3
Dodging        | 1 |  1.7
Fighting       | |  3.7
Armour         | |  2.6
Shields        | |  2.6

Action                   |  1- 3 |  4- 6 || total
-------------------------+-------+-------++-------
Melee: War axe           |    92 |     4 ||    96
  Use: Potion            |     3 |       ||     3
Armor: Scale mail        |    73 |     1 ||    74
Dodge: Dodged            |    40 |       ||    40
Block: Kite shield       |    51 |     4 ||    55

Table legend: (Time is in decaauts)
 A = Elapsed time spent in this place.
 B = Non-inter-level travel time spent in this place.
 C = Inter-level travel time spent in this place.
 D = Time resting spent in this place.
 E = Time spent auto-exploring this place.
 F = Levels seen in this place.
 G = Mean time per level.
                   A        B        C        D        E       F      G
               +--------+--------+--------+--------+--------+-----+--------+
         Total |   1648 |   1632 |     16 |    327 |   1051 |   2 |  824.0 |
       Dungeon |   1648 |   1632 |     16 |    327 |   1051 |   2 |  824.0 |
               +--------+--------+--------+--------+--------+-----+--------+

Top non-repeatable levels by time:
     D:1: 983 daAuts
     D:2: 665 daAuts
